 Dungeon Crawl Stone Soup version 0.21-a0-228-g14ccbf3 (webtiles) character file.

4 Gorglomux the Insei (level 1, 0/15 HPs)
             Began as a Gnoll Transmuter on Aug 31, 2017.
             Slain by a goblin
             ... wielding a +0 dagger
              (4 damage)
             ... on level 1 of the Dungeon.
             The game lasted 00:00:35 (72 turns).

Gorglomux the Insei (Gnoll Transmuter)                Turns: 72, Time: 00:00:36

Health: 0/15       AC:  2    Str:  7    XL:     1   Next: 60%
Magic:  4/4        EV: 12    Int:  7    God:
Gold:   0          SH:  0    Dex:  7    Spells: 5/6 levels left

rFire    . . .     SeeInvis .     - Unarmed
rCold    . . .     Gourm    .   (no shield)
rNeg     . . .     Faith    .   b - +0 robe
rPois    .         Spirit   .   (no helmet)
rElec    .         Reflect  .   (no cloak)
rCorr    .         Harm     .   (no gloves)
MR       .....                  (no boots)
Stlth    +.........             (no amulet)
HPRegen  0.05/turn              (no ring)
MPRegen  0.09/turn              (no ring)

@: no status effects
A: unchanging attributes, fangs 1, strong nose
a: no special abilities


You were on level 1 of the Dungeon.
You were not hungry.

You visited 1 branch of the dungeon, and saw 1 of its levels.

Inventory:

Missiles
 a - 12 arrows
Armour
 b - a +0 robe (worn)
Jewellery
 e - an uncursed amulet of faith {unknown}
Scrolls
 f - a scroll of teleportation {unknown}
Books
 c - a book of Changes

   Spells                             Type                      Level
   a - Beastly Appendage              Transmutation                1
   b - Sticks to Snakes               Transmutation                2
   c - Spider Form                    Transmutation/Poison         3
   d - Ice Form                       Ice/Transmutation            4
   e - Blade Hands                    Transmutation                5
Comestibles
 d - a bread ration


   Skills:
 - Level 1.3 Fighting
 - Level 2.6 Dodging
 - Level 4.0 Unarmed Combat
 + Level 3.3 Spellcasting
 + Level 2.9 Transmutations


You had 5 spell levels left.
You knew the following spells:

 Your Spells              Type           Power        Failure   Level  Hunger
a - Beastly Appendage     Tmut           #.....       10%         1    ##.....


Dungeon Overview and Level Annotations

Branches:
Dungeon (1/15)

Altars:


Innate Abilities, Weirdness & Mutations

Your physical attributes are unchanging.
You have very sharp teeth.
Your uncanny sense of smell can sniff out nearby items.


Message History

The ball python constricts you! The goblin hits you but does no damage!
The giant cockroach butt-ly misses you!
Unknown command!
Butt closely miss the ball python!
The ball python is moderately wounded!
The ball python bites you! The ball python constricts you!
The giant cockroach waves its butt!
The giant cockroach closely misses you!
The goblin closely misses butt!
Unknown command!
You pummel the ball python like a punching bag!
The ball python is severely wounded!
The ball python closely misses you! The ball python constricts you!
The giant cockroach barely misses you!
Unknown command!
You pummel the ball python like a punching bag!
You annihilate the butt butt!!!
The hobgoblin hits you! * * * don't die
* * * The goblin hits you with a dagger! rip

....≈≈≈<≈≈≈..≈.≈..#.....##
...≈≈≈≈≈≈≈≈≈≈............#
....≈≈.≈≈≈≈..≈.....#.#...#
.[....≈≈≈≈≈.≈≈≈....#..#..#
≈≈≈.....≈≈≈≈≈)..#..#.....#
≈≈≈≈......≈....##....###.####
≈≈≈≈≈≈.≈........l......#.>..#
##############.ggs....#...#.##
. ##.@########....##.. #†##
####g.... #. #.)s.. #. #.....
.. #..... .. #..... .## #...#.
. #..... #....#


You could see a leopard gecko, a giant cockroach, a hobgoblin and a goblin.

Vanquished Creatures
  A leopard gecko (D:1)
  A ball python (D:1)
  A kobold (D:1)
3 creatures vanquished.

Notes
Turn   | Place    | Note
-------+----------+-------------------------------------------
     0 | D:1      | Gorglomux the Gnoll Transmuter began the quest for the Orb.
     0 | D:1      | Reached XP level 1. HP: 15/15 MP: 4/4
    72 | D:1      | Slain by a goblin

Vault maps used:
D:1:      dpeg_arrival_more_subterranean_lakeside_camping

Action                   || total
-------------------------++-------
Melee: Unarmed           ||    20
       Bite              ||     1
 Cast: Beastly Appendage ||     1
Armor: Robe              ||     3
Dodge: Dodged            ||    30

Table legend:
 A = Spawn XP
 B = Non-spawn XP
 C = Spawn XP percentage of total XP
 D = Spawn monster count
 E = Non-spawn monster count
 F = Spawn count percentage of total count
 G = Total turns spent on level
                    A         B        C        D         E        F      G
               +---------+---------+-------+---------+---------+-------+---------
         Total |       0 |       6 |   0.0 |       0 |       3 |   0.0 |    72
               +---------+---------+-------+---------+---------+-------+---------
           D:1 |       0 |       6 |   0.0 |       0 |       3 |   0.0 |    72
               +---------+---------+-------+---------+---------+-------+---------
